 Dungeon Crawl Stone Soup version 0.28-a0-919-g0b5b508569 (webtiles) character file.

Game seed: 6449514916025033103

1633 porpoise the Thaumaturge (level 8, -3/61 HPs)
             Began as a Deep Elf Conjurer on Nov 26, 2021.
             Was a Follower of Vehumet.
             Slain by a scorpion (6 damage)
             ... on level 5 of the Dungeon.
             The game lasted 00:24:56 (7914 turns).

porpoise the Thaumaturge (Deep Elf Conjurer)        Turns: 7914, Time: 00:24:57

Health: -3/61      AC:  6    Str:  5    XL:     8   Next: 66%
Magic:  11/23      EV: 12    Int: 25    God:    Vehumet [*.....]
Gold:   246        SH:  0    Dex: 13    Spells: 14/25 levels left

rFire   + . .      SeeInvis .   a - +0 falchion (protect)
rCold   . . .      Faith    .   (no shield)
rNeg    . . .      Spirit   .   z - +2 robe {rF+}
rPois   .          Reflect  .   j - +0 helmet
rElec   .          Harm     .   e - scarf {repulsion}
rCorr   .          Rampage  .   o - +0 pair of gloves
Will    .....                   (no boots)
Stlth   ..........              (no amulet)
HPRegen 0.20/turn               (no ring)
MPRegen 0.18/turn               (no ring)

@: berserking, lethally poisoned (-3 -> -5), very slightly contaminated,
studying Ice Magic, repel missiles, very quick
A: no striking features
a: Renounce Religion


You were on level 5 of the Dungeon.
You worshipped Vehumet.
Vehumet was aware of your devotion.
You visited 2 branches of the dungeon, and saw 7 of its levels.

You collected 246 gold pieces.

Inventory:

Hand Weapons
 a - a +0 falchion of protection (weapon)
 b - a +0 hunting sling
Missiles
 d - 3 silver boomerangs
 i - 18 poisoned darts
 m - 25 stones
 s - 2 boomerangs
 w - 48 sling bullets
Armour
 e - a scarf of repulsion (worn)
 j - a +0 helmet (worn)
 o - a +0 pair of gloves (worn)
 t - a +2 cloak of poison resistance
 z - a +2 robe of fire resistance (worn)
Jewellery
 r - a ring of wizardry
Wands
 f - a wand of acid (8)
 v - a wand of iceblast (12) (quivered)
 y - a wand of flame (21)
Scrolls
 c - 3 scrolls of fear
 h - a scroll of fog {unknown}
 l - a scroll of brand weapon {unknown}
 n - a scroll of noise
Potions
 g - a potion of brilliance {unknown}
 k - 2 potions of heal wounds {unknown}
 p - 2 potions of berserk rage
 q - 4 potions of curing {unknown}
 x - a potion of resistance {unknown}


   Skills:
 + Level 0.0 Fighting
 - Level 2.4 Dodging
 - Level 2.4 Stealth
 + Level 9.2 Spellcasting
 - Level 7.0 Conjurations
 - Level 7.0 Hexes
 - Level 5.0 Translocations


You had 14 spell levels left.
You knew the following spells:

 Your Spells              Type           Power      Damage    Failure   Level
a - Magic Dart            Conj           100%       1d8       1%          1
b - Searing Ray           Conj           92%        2d7       1%          2
c - Fulminant Prism       Conj/Hex       23%        3d13      3%          4
d - Iskenderun's Mystic   Conj/Tloc      41%        2d9       4%          4

Your spell library contained the following spells:

 Spells                   Type           Power      Damage    Failure   Level
 Shock                    Conj/Air       100%       1d9       1%          1
 Apportation              Tloc           72%        N/A       1%          1
 Blink                    Tloc           72%        N/A       1%          2
 Static Discharge         Conj/Air       29%        N/A       1%          2
 Dazzling Flash           Conj/Hex       92%        N/A       1%          3
 Lesser Beckoning         Tloc           36%        N/A       1%          3
 Portal Projectile        Hex/Tloc       82%        N/A       1%          3
 Mephitic Cloud           Conj/Pois/Air  23%        N/A       6%          3
 Leda's Liquefaction      Hex/Erth       14%        N/A       13%         4
 Sticky Flame             Conj/Fire      29%        2d5       13%         4
 Call Canine Familiar     Summ           11%        N/A       16%         3
 Ignite Poison            Fire/Tmut/Pois 11%        N/A       16%         3
 Manifold Assault         Tloc           36%        N/A       19%         5
 Dispel Undead            Necr           11%        3d9       47%         4
 Freezing Cloud           Conj/Ice/Air   11%        6-21      50%         5
 Alistair's Intoxication  Tmut/Pois      7%         N/A       83%         5


Dungeon Overview and Level Annotations

Branches:
Dungeon (6/15)             Temple (1/1) D:4

Altars:
Cheibriados
Kikubaaqudgha
Nemelex Xobeh
Qazlal
Sif Muna
Trog
Vehumet
Xom
Yredelemnul
Zin
The Shining One
Beogh

Annotations:
D:3 3 runed translucent doors, tinescath's ghost, amateur FoFi


Message History

Casting: Magic Dart (safe; 1% risk of failure)
Confirm with . or Enter, or press ? or * to list all spells.
You erupt in a blast of force!
The mystic blast hits the scorpion!
The scorpion is heavily wounded.
The scorpion is knocked back by the mystic blast.
The mystic blast hits the water moccasin!
The water moccasin is heavily wounded.
The water moccasin is knocked back by the mystic blast.
You feel sick.
Casting: Iskenderun's Mystic Blast (dangerous; 4% risk of failure)
Confirm with . or Enter, or press ? or * to list all spells.
You erupt in a blast of force!
The mystic blast hits the water moccasin.
The water moccasin is severely wounded.
You feel sick.
The water moccasin bites you but does no damage.
Casting: Iskenderun's Mystic Blast (dangerous; 4% risk of failure)
Confirm with . or Enter, or press ? or * to list all spells.
You miscast Iskenderun's Mystic Blast.
You are very lightly contaminated with residual magic.
Energy rips through your body!
* * * LOW HITPOINT WARNING * * *
You feel sick. The water moccasin bites you.
* * * LOW HITPOINT WARNING * * *
It was a potion of berserk rage.
A red film seems to cover your vision as you go berserk!
You feel yourself moving faster!
You feel mighty!
You feel sick. The water moccasin bites you.
* * * LOW HITPOINT WARNING * * *
The scorpion barely misses you.
The water moccasin bites you but does no damage.
You are too berserk!
Your +0 falchion of protection hums with potential!
a - a +0 falchion of protection (weapon)
You feel a strong urge to attack something.
You barely miss the scorpion.
The scorpion is heavily wounded.
* * * LOW HITPOINT WARNING * * *
You feel sick. The scorpion stings you.
You die...

##########.#.# #.........
#.#.# #.######## #.#.#
#.#......Z #.#.# #.#.#####Z
#.#.# #.#.#....< #####.#.#
#.#.#.###. #.......#
#.#.#.....
#.......###########.#.######
#.........S@s...............
#.......###########.#######.
#####.....####### #.# #.
#.....'.....###.# ##
##....####...##.# # #....#
#...##.# # ###### #...##.#
#...##.# #####...##.#


You could see a water moccasin and a scorpion.

Vanquished Creatures
  Sigmund (D:4)
  Edmund (D:4)
  A water moccasin (D:6)
  A sky beast (D:5)
  An orc warrior (D:5)
  An ogre (D:5)
  2 ice beasts
  A phantom (D:5)
  3 scorpions
  A howler monkey (D:4)
  2 centaur zombies (D:5)
  A bullfrog zombie (D:5)
  A hound (D:4)
  Crazy Yiuf (D:3)
  An orc priest (D:5)
  2 centaur skeletons (D:5)
  Terence (D:2)
  2 orc wizards
  5 gnolls
  3 river rats (D:5)
  A shadow imp (D:6)
  A worm (D:2)
  A dart slug (D:4)
  23 orcs
  5 endoplasms
  A giant cockroach (D:5)
  6 goblins
  4 hobgoblins
  5 jackals
  5 quokkas
  9 ball pythons
  5 bats
  A frilled lizard (D:1)
  5 kobolds
  9 rats
113 creatures vanquished.

Vanquished Creatures (others)
  17 fulminant prisms
17 creatures vanquished.

Grand Total: 130 creatures vanquished

Notes
Turn   | Place    | Note
-------+----------+-------------------------------------------
     0 | D:1      | porpoise the Deep Elf Conjurer began the quest for the Orb.
     0 | D:1      | Reached XP level 1. HP: 10/10 MP: 6/6
   258 | D:1      | Found a faded altar of an unknown god.
   260 | D:1      | Reached XP level 2. HP: 15/15 MP: 6/8
   795 | D:1      | Learned a level 2 spell: Searing Ray
  1190 | D:1      | Reached skill level 4 in Spellcasting
  1265 | D:2      | Reached skill level 5 in Conjurations
  1282 | D:2      | Reached XP level 3. HP: 19/19 MP: 7/10
  1446 | D:2      | Reached XP level 4. HP: 20/24 MP: 0/12
  1537 | D:2      | Learned a level 4 spell: Fulminant Prism
  1542 | D:2      | Learned a level 4 spell: Iskenderun's Mystic Blast
  1916 | D:2      | Noticed Terence
  1929 | D:2      | Killed Terence
  1930 | D:2      | Reached skill level 5 in Spellcasting
  1930 | D:2      | Reached skill level 1 in Hexes
  2460 | D:3      | Found a runed translucent gate.
  2460 | D:3      | Found a runed translucent gate.
  2460 | D:3      | Found a runed translucent gate.
  2464 | D:3      | Identified the +4 hunting sling of the Equinox {flame,
                  | Stlth+}
  2464 | D:3      | Identified the +2 ring mail "Sauhauta" {-Tele rF+ Str+3
                  | Int+5}
  2465 | D:3      | Noticed tinescath's ghost (amateur FoFi)
  2484 | D:3      | Noticed an ice beast
  2495 | D:3      | Killed an ice beast
  2496 | D:3      | Reached XP level 5. HP: 28/28 MP: 5/15
  2954 | D:3      | Found a runed translucent door.
  2955 | D:3      | Noticed Crazy Yiuf
  2963 | D:3      | Killed Crazy Yiuf
  2964 | D:3      | Reached skill level 6 in Spellcasting
  3242 | D:4      | Found a staircase to the Ecumenical Temple.
  3251 | Temple   | Entered the Ecumenical Temple
  3303 | Temple   | Became a worshipper of Vehumet
  3381 | D:4      | Reached XP level 6. HP: 32/32 MP: 11/17
  4089 | D:4      | Noticed Edmund
  4102 | D:4      | Killed Edmund
  4103 | D:4      | Reached skill level 7 in Spellcasting
  4103 | D:4      | Reached skill level 5 in Hexes
  4446 | D:4      | Noticed Sigmund
  4462 | D:4      | Killed Sigmund
  4463 | D:4      | Reached XP level 7. HP: 36/36 MP: 7/19
  5270 | D:5      | Entered Level 5 of the Dungeon
  6004 | D:5      | Reached * piety under Vehumet
  6004 | D:5      | Offered knowledge of Shock by Vehumet.
  6006 | D:5      | Reached skill level 5 in Translocations
  6095 | D:5      | Reached XP level 8. HP: 14/41 MP: 8/20
  7526 | D:6      | Reached skill level 8 in Spellcasting
  7771 | D:5      | Reached skill level 9 in Spellcasting
  7914 | D:5      | HP: 3/61 [poisoned by a water moccasin]
  7914 | D:5      | Slain by a scorpion

Illustrated notes

Levels and vault maps discovered:
D:1:      matt_arrival_spirals, layout_basic, ebering_ecumenical_altar_webs,
          minivault_14
D:2:      layout_loops_ring, hex_large, chequers_serial_rivers_micro_b,
          uniq_terence
D:3:      layout_loops_ring, biasface_ghost_orc_armoury, uniq_crazy_yiuf_cottage
D:4:      layout_basic, temple_fountains, grunt_ministairs_12, uniq_edmund,
          uniq_sigmund
D:5:      layout_basic, portal_sewer_entry_e, minmay_puff
D:6:      layout_layer_cave, elyvilon_altar_1
Temple:   regret_index_temple_waves

Skill      XL: |  1  2  3  4  5  6  7  8 |
---------------+-------------------------+-----
Spellcasting   | 4 5 6 7 9 |  9.2
Conjurations   | 5 7 |  7.0
Hexes          | 3 4 6 7 |  7.0
Translocations | 2 5 |  5.0
Dodging        | |  2.4
Stealth        | |  2.4

Action                   |  1- 3 |  4- 6 |  7- 9 || total
-------------------------+-------+-------+-------++-------
Melee: Falchion          |       |       |     1 ||     1
 Fire: Hunting sling     |       |     6 |     6 ||    12
 Cast: Magic Dart        |    40 |    17 |     6 ||    63
       Searing Ray       |     2 |    18 |    36 ||    56
       Iskenderun's Myst |       |     1 |     7 ||     8
       Fulminant Prism   |       |     6 |    11 ||    17
Evoke: Wand              |       |     2 |     5 ||     7
  Use: Scroll            |     1 |       |     5 ||     6
       Potion            |       |       |     1 ||     1
Armor: Robe              |     1 |       |    17 ||    18
Dodge: Dodged            |     3 |     5 |    28 ||    36

Table legend: (Time is in decaauts)
 A = Elapsed time spent in this place.
 B = Non-inter-level travel time spent in this place.
 C = Inter-level travel time spent in this place.
 D = Time resting spent in this place.
 E = Time spent auto-exploring this place.
 F = Levels seen in this place.
 G = Mean time per level.
                   A        B        C        D        E       F      G
               +--------+--------+--------+--------+--------+-----+--------+
         Total |   7921 |   7628 |    293 |   3382 |   3476 |   7 | 1131.6 |
       Dungeon |   7820 |   7576 |    244 |   3382 |   3437 |   6 | 1303.3 |
        Temple |    101 |     52 |     49 |      0 |     39 |   1 |  101.0 |
               +--------+--------+--------+--------+--------+-----+--------+

Top non-repeatable levels by time:
     D:5: 2340 daAuts
     D:4: 2195 daAuts
     D:1: 1250 daAuts
     D:3: 1062 daAuts
     D:2: 927 daAuts
  Temple: 101 daAuts
     D:6: 42 daAuts
